Map: Oxide LE

Players

Clem - Winner!

  • Race: Terran Terran

souL

  • Race: Terran Terran

Event: DreamHack SC2 Masters 2021 Fall

VOD

Have the link to the VOD?

Description

Time

  • Played on: Aug. 13, 2021, 11:24 a.m.
  • Length: 16:17

All games in this series

Show
View Real Time Build Order
Export as new Build Order

Clem Terran - Winner!

Build Orders:  

Get SALT Encoding   

  12  0:00  SCV  
  13  0:12  SCV  
  14  0:17  Supply Depot  
  14  0:24  SCV  
  15  0:38  SCV  
  15  0:40  Barracks  
  16  0:43  Refinery  
  16  0:50  SCV  
  16  0:52  Refinery  
  17  1:02  SCV  
  18  1:14  SCV  
  19  1:27  Reaper, Orbital Command  
  19  1:29  Supply Depot  
  20  1:40  Factory  
  20  1:52  SCV  
  21  1:59  Reaper  
  22  2:04  SCV  
  23  2:15  Command Center  
  23  2:18  SCV  
  24  2:24  Hellion  
  26  2:30  SCV  
  26  2:31  Reaper  
  26  2:32  Supply Depot  
  28  2:42  SCV  
  29  2:45  Hellion  
  29  2:48  Starport  
  31  2:54  SCV  
  32  3:04  Barracks Tech Lab  
  32  3:06  SCV  
  32  3:07  Factory Tech Lab  
  33  3:15  Refinery  
  33  3:18  SCV  
  34  3:28  Orbital Command  
  34  3:34  Cyclone  
  37  3:35  Banshee  
  37  3:40  Barracks Reactor, SCV  
  41  3:44  Supply Depot  
  41  3:52  SCV  
  41  3:54  SCV  
  43  4:04  SCV  
  43  4:05  Supply Depot  
  43  4:06  SCV, Siege Tank  
  48  4:16  SCV  
  49  4:18  Marine x2, SCV  
  49  4:21  Raven  
  54  4:27  Command Center  
  54  4:30  SCV x2  
  56  4:36  Refinery  
  56  4:39  Siege Tank  
  56  4:44  SCV x2  
  56  4:45  Supply Depot  
  61  4:46  Marine  
  61  4:48  Marine  
  63  4:56  SCV x2  
  64  5:10  Raven  
  64  5:11  Marine x2, SCV  
  64  5:12  SCV  
  66  5:16  Supply Depot  
  66  5:17  Siege Tank  
  67  5:23  SCV  
  67  5:25  SCV  
  69  5:29  Supply Depot  
  69  5:35  Marine x2  
  71  5:36  SCV  
  71  5:38  Orbital Command  
  71  5:39  SCV  
  73  5:48  SCV  
  73  5:49  Siege Tank  
  77  5:57  SCV  
  78  6:02  Orbital Command  
  74  6:05  SCV  
  74  6:07  Marine, Viking x2  
  74  6:09  SCV  
  80  6:15  Barracks  
  80  6:16  Barracks  
  80  6:17  SCV  
  81  6:20  Stimpack  
  81  6:21  SCV  
  81  6:24  Siege Tank  
  81  6:25  Marine  
  85  6:28  SCV  
  85  6:29  SCV  
  85  6:32  Supply Depot  
  88  6:33  SCV  
  89  6:40  SCV  
  89  6:41  Viking, SCV  
  89  6:43  Viking  
  89  6:45  SCV  
  89  6:46  Marine  
  94  6:50  Supply Depot  
  94  6:52  SCV  
  94  6:53  SCV  
  96  6:57  SCV  
  96  7:00  Siege Tank  
  99  7:03  Marine  
  99  7:04  SCV  
  99  7:05  Barracks Reactor x2, SCV  
  102  7:09  Orbital Command  
  102  7:11  SCV  
  98  7:20  SCV  
  98  7:21  Marine  
  97  7:23  SCV  
  91  7:32  SCV, Medivac x2  
  91  7:33  Siege Tank  
  91  7:35  SCV  
  91  7:37  SCV, Barracks  
  96  7:39  Marine, Supply Depot, Barracks  
  96  7:41  Marine  
  96  7:43  Marine x3  
  101  7:44  SCV  
  101  7:48  SCV  
  101  7:49  SCV  
  103  7:55  Engineering Bay x2  
  103  7:56  SCV  
  103  7:57  Marine  
  105  7:59  Marine, Combat Shield  
  105  8:00  SCV  
  105  8:01  Marine x2  
  105  8:02  Marine  
  105  8:03  Refinery  
  105  8:04  SCV  
  105  8:05  Refinery  
  111  8:07  Siege Tank  
  111  8:10  Supply Depot  
  111  8:12  Supply Depot  
  114  8:13  SCV x2  
  114  8:15  Marine  
  114  8:16  SCV  
  118  8:20  Supply Depot  
  118  8:23  Marine x2, Terran Infantry Armor Level 1, Terran Infantry Weapons Level 1  
  118  8:25  Barracks Reactor  
  119  8:27  Barracks Reactor  
  119  8:28  Marine x2  
  119  8:29  SCV  
  119  8:33  Marine, Sensor Tower  
  122  8:41  Marine x2  
  121  8:43  Siege Tank  
  121  8:46  Marine  
  121  8:47  Marine  
  109  8:50  Marine  
  109  8:55  SCV  
  87  8:57  Viking, Liberator  
  87  8:59  Marine x2  
  87  9:02  Marine x2  
  89  9:03  Marine x2  
  89  9:04  Marine x2, SCV  
  89  9:08  Marine  
  89  9:09  Armory  
  95  9:12  SCV  
  95  9:16  Marine  
  95  9:17  Marine  
  97  9:18  Siege Tank  
  97  9:20  Marine x2  
  97  9:21  Marine, SCV  
  92  9:26  Marine  
  92  9:27  Marine  
  92  9:28  SCV  
  89  9:32  Marine x2  
  89  9:33  SCV  
  89  9:37  Marine  
  93  9:38  Marine x2  
  93  9:40  SCV  
  93  9:43  Marine  
  93  9:45  Marine, SCV  
  99  9:46  Marine  
  99  9:49  Orbital Command  
  99  9:51  Marine  
  99  9:55  Siege Tank  
  99  9:59  Marine x3  
  105  10:02  Marine  
  105  10:03  Marine x2  
  105  10:06  Marine  
  109  10:08  Marine  
  109  10:10  SCV  
  109  10:11  SCV  
  112  10:16  SCV  
  113  10:22  Marine x2, SCV  
  113  10:23  Marine x2, SCV  
  120  10:28  Marine  
  120  10:33  Marine  
  120  10:34  Marine x2  
  120  10:35  SCV  
  109  10:36  Medivac  
  109  10:37  Marine  
  109  10:40  SCV  
  109  10:42  Marine  
  113  10:44  Marine  
  113  10:47  SCV  
  114  10:51  Siege Tank  
  114  10:52  Marine, Orbital Command  
  114  10:53  Marine  
  114  10:55  Marine  
  117  11:00  Marine  
  117  11:03  Marine  
  119  11:04  Marine  
  119  11:07  Marine x2  
  119  11:10  Marine  
  122  11:12  Marine x2  
  122  11:16  Marine  
  122  11:17  Marine  
  126  11:21  Marine  
  126  11:24  Terran Infantry Weapons Level 2  
  127  11:28  Marine x2  
  129  11:34  SCV  
  129  11:36  SCV  
  129  11:39  Medivac  
  133  11:40  Sensor Tower  
  133  11:44  Terran Infantry Armor Level 2  
  132  11:48  Marine  
  133  11:58  Supply Depot  
  133  12:00  Marine x3, SCV  
  138  12:03  Siege Tank  
  140  12:10  Factory  
  140  12:11  Terran Vehicle Weapons Level 1  
  140  12:16  Barracks Reactor  
  140  12:18  Marine  
  141  12:23  Supply Depot  
  141  12:24  Command Center  
  141  12:29  Viking  
  143  12:33  Viking  
  143  12:36  Marine  
  138  12:38  Marine x2  
  138  12:40  Marine x2  
  138  12:43  Marine  
  116  12:44  SCV  
  116  12:45  SCV  
  116  12:47  Marine  
  119  12:52  Siege Tank  
  119  12:54  Marine x2  
  119  12:58  Marine x2  
  124  13:03  Siege Tank  
  129  13:08  Marine x2  
  129  13:09  Marine x3  
  129  13:11  Marine  
  129  13:12  Marine  
  136  13:13  Marine  
  136  13:17  Marine x2  
  139  13:20  Viking  
  139  13:26  Marine x2  
  132  13:29  Siege Tank  
  131  13:38  Marine, Siege Tank  
  131  13:39  Marine x2  
  131  13:40  Marine  
  138  13:42  Marine  
  138  13:47  Marine  
  140  13:54  Liberator  
  141  13:59  Supply Depot  
  141  14:01  Siege Tank  
  144  14:05  Marine  
  145  14:10  Siege Tank  
  145  14:12  Viking  
  145  14:13  Marine  
  145  14:17  Marine  
  147  14:18  Marine x2  
  150  14:26  Planetary Fortress  
  150  14:30  Marine x2  
  152  14:34  Marine x2  
  152  14:35  SCV  
  152  14:37  Viking  
  152  14:38  Siege Tank  
  140  14:41  Marine x2  
  140  14:42  Marine x2, Viking  
  140  14:45  Marine x2  
  139  14:48  Marine  
  141  14:57  SCV  
  141  14:58  SCV  
  142  15:00  Siege Tank  
  142  15:02  Marine  
  142  15:03  Marine  
  144  15:09  Marine  
  144  15:12  SCV  
  128  15:18  Marine  
  128  15:20  Marine  
  114  15:24  SCV  
  111  15:33  Siege Tank  
  111  15:35  Marine  
  106  15:36  Marine  
  106  15:37  Marine  
  106  15:38  Marine  
  97  15:51  Barracks  
  97  15:52  Marine  
  97  15:55  Barracks x2, Factory  
  98  15:57  Marine  
  98  15:58  Marine  
  98  16:03  SCV x3  
Show
View Real Time Build Order
Export as new Build Order

souL Terran 

Build Orders:  

Get SALT Encoding   

  12  0:00  SCV  
  13  0:12  SCV  
  14  0:17  Supply Depot  
  14  0:24  SCV  
  15  0:38  SCV  
  15  0:40  Barracks  
  16  0:43  Refinery  
  16  0:50  SCV  
  16  0:52  Refinery  
  17  1:02  SCV  
  18  1:14  SCV  
  19  1:27  Reaper, Orbital Command  
  19  1:28  Supply Depot  
  20  1:40  Factory  
  20  1:53  SCV  
  21  1:59  Reaper  
  22  2:05  SCV  
  23  2:17  SCV  
  23  2:20  Command Center  
  24  2:28  Hellion  
  24  2:29  SCV  
  27  2:32  Barracks Reactor  
  27  2:40  Supply Depot  
  27  2:41  SCV  
  28  2:49  Hellion  
  30  2:53  SCV, Starport  
  31  3:05  SCV  
  31  3:08  Marine  
  31  3:09  Marine  
  31  3:10  Factory Tech Lab  
  34  3:14  Refinery  
  34  3:19  SCV  
  35  3:26  Marine x2  
  37  3:32  SCV  
  37  3:35  Orbital Command  
  37  3:36  Raven  
  39  3:43  Factory Tech Lab  
  39  3:44  Marine, SCV  
  41  3:50  Marine  
  42  3:56  SCV  
  42  3:58  Supply Depot  
  42  4:01  SCV  
  44  4:04  Siege Tank  
  44  4:08  Marine, SCV  
  44  4:09  Marine  
  49  4:13  SCV  
  51  4:18  Supply Depot, Raven  
  51  4:20  SCV  
  54  4:25  SCV  
  54  4:26  Marine  
  54  4:27  Marine  
  57  4:32  SCV  
  57  4:33  Supply Depot  
  57  4:37  SCV  
  59  4:40  Siege Tank  
  59  4:44  SCV  
  63  4:49  SCV  
  64  4:55  Command Center  
  64  4:58  SCV  
  64  5:01  SCV  
  62  5:10  SCV  
  62  5:12  Cyclone  
  62  5:13  SCV  
  67  5:20  Starport Reactor  
  67  5:21  Barracks  
  66  5:22  SCV  
  66  5:25  SCV  
  66  5:27  Barracks  
  68  5:32  Stimpack  
  68  5:33  Marine  
  68  5:34  SCV  
  70  5:37  SCV  
  70  5:38  Supply Depot  
  71  5:46  SCV  
  73  5:50  SCV  
  73  5:51  Marine, Supply Depot  
  74  5:59  SCV, Medivac x2, Siege Tank  
  74  6:02  SCV  
  83  6:08  Supply Depot  
  83  6:09  Marine x3  
  83  6:11  SCV  
  85  6:14  SCV  
  85  6:16  Orbital Command  
  85  6:17  Bunker  
  86  6:22  Refinery  
  87  6:26  SCV  
  87  6:27  Marine x2  
  89  6:34  Marine x2  
  89  6:35  Marine, Siege Tank  
  89  6:36  SCV, Starport Reactor  
  96  6:43  Orbital Command  
  96  6:44  Marine  
  96  6:45  Marine, Engineering Bay  
  98  6:47  SCV  
  98  6:48  SCV, Engineering Bay  
  100  6:55  Marine  
  100  6:59  Marine x2  
  99  7:02  Marine  
  99  7:03  SCV  
  99  7:07  Siege Tank  
  100  7:09  Marine  
  100  7:15  Marine  
  99  7:16  Marine x2  
  99  7:20  Marine  
  100  7:27  Marine  
  100  7:28  Medivac x2  
  100  7:29  SCV  
  103  7:31  Orbital Command  
  103  7:33  Marine  
  103  7:34  Marine x2  
  99  7:38  Marine, SCV, Combat Shield  
  99  7:40  Siege Tank  
  99  7:41  SCV  
  99  7:43  Terran Infantry Armor Level 1, Terran Infantry Weapons Level 1  
  104  7:45  Marine  
  104  7:50  SCV  
  104  7:51  Marine  
  107  7:52  Marine x2  
  107  7:53  SCV  
  107  7:56  Marine  
  107  7:57  Medivac  
  107  7:58  Medivac  
  115  7:59  Supply Depot, SCV  
  115  8:00  Supply Depot  
  115  8:03  Marine  
  117  8:06  SCV x2  
  117  8:10  Barracks  
  117  8:11  SCV  
  117  8:12  Marine, Barracks  
  120  8:15  Marine  
  120  8:18  SCV x2  
  124  8:20  Marine  
  124  8:23  SCV  
  126  8:27  Marine  
  126  8:30  Marine, SCV x2  
  130  8:34  Marine  
  130  8:35  SCV  
  132  8:42  Marine  
  126  8:50  Marine x3  
  126  8:52  Marine  
  126  8:53  Siege Tank  
  130  8:57  Medivac  
  130  8:59  SCV  
  130  9:00  Marine  
  132  9:07  Barracks Reactor x2, Supply Depot, Armory  
  132  9:08  Marine x3, Supply Depot  
  132  9:09  Marine, SCV x2  
  135  9:13  SCV  
  137  9:18  Marine  
  137  9:21  SCV  
  138  9:26  Marine x3  
  138  9:27  Marine, SCV  
  133  9:32  Refinery x2  
  133  9:34  Supply Depot  
  133  9:36  Marine  
  133  9:38  Medivac x2  
  138  9:43  Marine x2  
  138  9:44  Marine x3, Command Center  
  143  9:45  Marine  
  143  9:46  Siege Tank  
  143  9:52  Sensor Tower  
  147  9:54  Marine  
  147  9:56  SCV  
  147  9:58  SCV  
  147  9:59  SCV  
  151  10:01  Marine  
  151  10:04  Terran Infantry Armor Level 2, Terran Infantry Weapons Level 2  
  150  10:12  Supply Depot  
  150  10:14  Marine x2  
  152  10:15  Marine, Supply Depot  
  152  10:18  Medivac  
  152  10:19  Missile Turret  
  155  10:25  Factory  
  152  10:32  Marine x8  
  152  10:33  Marine  
  125  10:50  Marine x8  
  125  10:51  Marine  
  125  11:07  Marine  
  125  11:08  Marine x3  
  125  11:13  Marine  
  125  11:16  Marine  
  125  11:20  Marine  
  125  11:25  Marine  
  123  11:27  Marine  
  124  11:33  SCV x2  
  124  11:34  Marine  
  124  11:36  Marine x2  
  124  11:38  Marine  
  124  11:39  Marine x2  
  131  11:42  Orbital Command  
  131  11:45  SCV x2  
  131  11:46  Marine  
  132  11:47  Marine  
  132  11:48  Marine  
  132  11:51  Marine  
  129  11:54  Marine x2  
  129  11:57  SCV x2, Viking  
  135  12:03  Marine  
  136  12:11  Marine  
  136  12:13  Viking  
  139  12:20  Marine x7  
  139  12:22  SCV  
  147  12:24  Marine  
  147  12:25  SCV  
  147  12:27  Viking  
  147  12:29  Marine  
  152  12:33  SCV  
  137  12:38  Marine x2  
  103  12:44  Marine x6  
  103  12:47  Marine  
  103  12:49  Medivac  
  112  12:53  SCV x2  
  112  12:56  Marine x2  
  116  13:01  Medivac  
  116  13:02  Marine x4, SCV  
  123  13:10  Marine  
  123  13:12  Marine  
  123  13:13  Marine  
  123  13:16  Marine  
  122  13:25  Marine, Siege Tank  
  122  13:26  Marine x4  
  124  13:28  Marine  
  124  13:31  Marine  
  124  13:33  Liberator x2  
  131  13:37  Marine x2  
  133  13:43  Marine  
  133  13:44  Marine x3  
  133  13:45  Marine  
  133  13:46  Marine  
  137  13:49  Marine  
  137  13:55  Marine x2  
  138  13:57  Siege Tank  
  138  14:01  Marine  
  138  14:02  Marine x4  
  145  14:03  Marine  
  145  14:07  Marine  
  145  14:13  Marine x2  
  147  14:19  Marine  
  147  14:20  Marine  
  149  14:24  Marine x4  
  149  14:26  Marine  
  149  14:29  Siege Tank  
  156  14:37  Marine  
  130  14:39  Marine  
  130  14:42  Marine x5  
  122  14:46  Marine  
  122  14:51  Marine  
  110  15:06  Orbital Command  
  95  15:10  Marine  
  96  15:21  Marine  
  75  15:43  Marine  
  75  15:45  Marine  
  76  15:52  Marine  
  76  15:57  Marine  

Tags
 
Add a new tag
Caveats
  • Supply blocks, unpowered buildings, or Contaminate may cause inaccurate times.
  • Supply counts are checked every 10 seconds.